 Dungeon Crawl Stone Soup version 0.32-a0-675-gdc239d62e1 (webtiles) character file.

Game seed: 11596400730198642025

16 Zeldest the Trooper (level 2, -4/24 HPs)
             Began as a Coglin Fighter on Mar 12, 2024.
             Slain by Natasha (8 damage)
             ... on level 2 of the Dungeon.
             The game lasted 00:00:30 (656 turns).

Zeldest the Trooper (Coglin Fighter)                 Turns: 656, Time: 00:00:30

Health: -4/24      AC:  6    Str: 16    XL:     2   Next: 58%
Magic:  2/2        EV:  8    Int:  7    God:
Gold:   73         SH:  4    Dex: 13    Spells: 1/1 levels left

rFire   . . .        a - +0 war axe {Gustav}
rCold   . . .        c - +0 buckler
rNeg    . . .        b - +0 scale mail
rPois   .            (no helmet)
rElec   .            (no cloak)
rCorr   .            (no gloves)
SInv    .            (no boots)
Will    .....        (amulet unavailable) Stlth
                     (ring unavailable)
HPRegen 0.24/turn    (ring unavailable)
MPRegen 0.08/turn    (no gizmo)

%: no passive effects
@: slowed, revved, very slow
A: off-hand wielding, slow wielding, warmup strikes, no jewellery
a: Invent Gizmo


You were on level 2 of the Dungeon.
You visited 1 branch of the dungeon, and saw 2 of its levels.

You collected 73 gold pieces.

Inventory:

Hand Weapons
 a - a +0 war axe (weapon) {Gustav}
Armour
 b - a +0 scale mail (worn)
 c - a +0 buckler (worn)
Magical Staves
 h - a staff of fire
Scrolls
 f - a scroll of revelation {unknown}
 g - a scroll of fog {unknown}
 i - a scroll of immolation {unknown}
Potions
 d - a potion of might
 e - a potion of haste {unknown}
 j - a potion of curing {unknown}


   Skills:
 + Level 3.2 Fighting
 * Level 2.6 Axes
 + Level 2.9 Armour
 - Level 2.1 Shields


You had one spell level left.
You didn't know any spells.
Your spell library was empty.

Dungeon Overview and Level Annotations

Branches:
Dungeon (2/15) Zot: 11315

Altars:

Annotations:
D:2 Natasha


Innate Abilities, Weirdness & Mutations

You can wield a second weapon in your off-hand.
It takes a long time for you to wield or remove held weapons.
Your first few attacks do less damage.
You cannot equip rings or amulets.


Message History

Done exploring.
No target in view!
There is an escape hatch in the floor here.
You slide downwards.
The hatch slams shut behind you.
Natasha, Servant of Life and Death comes into view.
Natasha hisses angrily.
Natasha casts a spell at you. The magic dart hits you.
Found 10 gold pieces.
Natasha is nearby!
Natasha mumbles some strange words.
You feel troubled. Natasha casts a spell at you.
You feel yourself slow down.
Natasha is nearby!
Natasha howls an incantation.
Natasha shimmers violently.
Natasha is nearby!
You hit Natasha but do no damage. Natasha claws you!
Natasha claws you but does no damage. x2
You are too injured to fight recklessly!
You are too injured to fight recklessly!
You hit Natasha but do no damage.
A kobold comes into view. It is wielding a +0 short sword.
Natasha casts a spell at you. You resist with significant effort.
Natasha closely misses you.
The kobold moves out of view.
You slash Natasha!
Natasha is heavily wounded.
Natasha claws you but does no damage. Natasha claws you.
You closely miss Natasha.
Natasha is heavily wounded.
The kobold shouts!
Natasha claws you. Natasha claws you!
* * * LOW HITPOINT WARNING * * *
You hit Natasha.
Natasha is severely wounded.
Natasha claws you!
You die...
Natasha curls up and begins to purr.

.~. ~P $~
##~## .K..
..# #h# #@#
#.#
.########.#
..........#
###########


You could see Natasha and a kobold.

Vanquished Creatures
  A dart slug (D:1)
  2 bats (D:1)
  An endoplasm (D:1)
  A giant cockroach (D:1)
  A goblin (D:1)
  A hobgoblin (D:1)
  2 kobolds (D:1)
  A ball python (D:1)
  A frilled lizard (D:1)
  3 rats (D:1)
14 creatures vanquished.

Notes
Turn   | Place    | Note
-------+----------+-------------------------------------------
     0 | D:1      | Zeldest the Coglin Fighter began the quest for the Orb.
     0 | D:1      | Reached XP level 1. HP: 18/18 MP: 1/1
   335 | D:1      | Reached XP level 2. HP: 21/24 MP: 2/2
   648 | D:2      | Noticed Natasha
   656 | D:2      | Slain by Natasha

Illustrated notes

Levels and vault maps discovered:
D:1:      moated_graveyard_arrival, layout_basic
D:2:      layout_basic, basic_altar, shapermc_ecumenical_altar_hornbeckon,
          serial_shops, shop, uniq_natasha

Action                     || total
---------------------------++-------
  Melee: War axe           ||    55
 Armour: Scale mail        ||    53
  Dodge: Dodged            ||    29
  Block: Buckler           ||     9

Table legend: (Time is in decaauts)
 A = Elapsed time spent in this place.
 B = Non-inter-level travel time spent in this place.
 C = Inter-level travel time spent in this place.
 D = Time resting spent in this place.
 E = Time spent auto-exploring this place.
 F = Levels seen in this place.
 G = Mean time per level.
                   A        B        C        D        E       F      G
               +--------+--------+--------+--------+--------+-----+--------+
         Total |    682 |    668 |     14 |     24 |    493 |   2 |  341.0 |
       Dungeon |    682 |    668 |     14 |     24 |    493 |   2 |  341.0 |
               +--------+--------+--------+--------+--------+-----+--------+

Top non-repeatable levels by time:
     D:1: 668 daAuts
     D:2: 13 daAuts
